 Dungeon Crawl Stone Soup version 0.28.0-43-g3370ac3207 (webtiles) character file.

Game seed: 8024699399954987194

1166 Ablot the Grasshopper (level 8, -6/64 HPs)
             Began as a Gnoll Warper on Mar 5, 2022.
             Was an Initiate of Cheibriados.
             Mangled by a red ugly thing (19 damage)
             ... on level 6 of the Dungeon.
             The game lasted 00:11:18 (7305 turns).

Ablot the Grasshopper (Gnoll Warper)                Turns: 7305, Time: 00:11:18

Health: -6/64      AC:  6    Str: 14    XL:     8   Next: 40%
Magic:  17/17      EV: 14    Int: 13    God:    Cheibriados [......]
Gold:   100        SH:  5    Dex: 13    Spells: 17/19 levels left

rFire   . . .      SeeInvis +   a - +2 spear (flame)
rCold   . . .      Faith    .   (no shield)
rNeg    . . .      Spirit   .   b - +1 robe {Will+}
rPois   .          Reflect  +   G - +1 helmet {SInv}
rElec   .          Harm     .   (no cloak)
rCorr   .          Rampage  .   (no gloves)
Will    +....                   l - +0 pair of boots
Stlth   ++........              w - amulet of reflection
HPRegen 0.20/turn               j - +4 ring of slaying
MPRegen 0.15/turn               (no ring)

@: very slow
A: fangs 1, strong nose, distributed training
a: Renounce Religion


You were on level 6 of the Dungeon.
You worshipped Cheibriados.
Cheibriados was noncommittal.
You visited 2 branches of the dungeon, and saw 7 of its levels.

You collected 307 gold pieces.
You spent 207 gold pieces at shops.

Inventory:

Hand Weapons
 a - a +2 spear of flaming (weapon)
 e - a +3 scimitar
 i - a +0 arbalest
 u - a +0 trident of freezing
 C - a +1 spectral quarterstaff
Missiles
 d - 6 boomerangs of dispersal
 g - 155 stones
 o - 24 sling bullets
 v - 3 boomerangs (quivered)
 F - 35 bolts
 H - 3 throwing nets
 J - 4 datura-tipped darts
Armour
 b - a +1 robe of willpower (worn)
 l - a +0 pair of boots (worn)
 t - an orb of energy
 G - a +1 helmet of see invisible (worn)
 I - an orb of energy
Magical Staves
 B - a staff of fire
Jewellery
 j - a +4 ring of slaying (left hand)
 w - an amulet of reflection (around neck)
 y - a ring of flight
 K - a ring of see invisible
Wands
 p - a wand of iceblast (5)
 E - a wand of acid (7)
Scrolls
 c - 2 scrolls of blinking
 h - 3 scrolls of vulnerability
 r - a scroll of magic mapping {unknown}
 s - a scroll of enchant armour {unknown}
 x - 2 scrolls of fog
 z - a scroll of immolation {unknown}
Potions
 f - a potion of lignification
 k - 2 potions of curing
 m - a potion of attraction
 n - 2 potions of might
 q - a potion of heal wounds {unknown}
 A - a potion of flight
 D - a potion of brilliance


   Skills:
 + Level 5.6 Fighting
 + Level 3.2 Short Blades
 + Level 3.2 Long Blades
 + Level 3.2 Axes
 + Level 3.2 Maces & Flails
 + Level 5.6 Polearms
 + Level 3.2 Staves
 + Level 3.2 Slings
 + Level 3.2 Bows
 + Level 3.2 Crossbows
 + Level 4.2 Throwing
 + Level 4.2 Armour
 + Level 5.6 Dodging
 + Level 3.2 Stealth
 + Level 3.2 Shields
 + Level 3.2 Unarmed Combat
 + Level 6.0 Spellcasting
 + Level 2.6 Conjurations
 + Level 2.6 Hexes
 + Level 2.6 Summonings
 + Level 2.6 Necromancy
 + Level 6.1 Translocations
 + Level 2.6 Transmutations
 + Level 2.6 Fire Magic
 + Level 2.6 Ice Magic
 + Level 2.6 Air Magic
 + Level 2.6 Earth Magic
 + Level 2.6 Poison Magic
 + Level 3.5 Invocations
 + Level 3.2 Evocations


You had 17 spell levels left.
You knew the following spells:

 Your Spells              Type           Power      Damage    Failure   Level
a - Blink                 Tloc           38%        N/A       1%          2

Your spell library contained the following spells:

 Spells                   Type           Power      Damage    Failure   Level
 Apportation              Tloc           38%        N/A       1%          1
 Gell's Gravitas          Tloc           19%        N/A       4%          3
 Lesser Beckoning         Tloc           19%        N/A       4%          3
 Teleport Other           Tloc           19%        N/A       4%          3
 Animate Skeleton         Necr           20%        N/A       5%          1
 Summon Small Mammal      Summ           40%        N/A       5%          1
 Manifold Assault         Tloc           19%        N/A       36%         5


Dungeon Overview and Level Annotations

Branches:
Dungeon (6/15)             Temple (1/1) D:5

Altars:
Cheibriados
Dithmenos
Elyvilon
Fedhas
Gozag
Kikubaaqudgha
Makhleb
Okawaru
Qazlal
Ru
Sif Muna
Uskayaw
Vehumet
Wu Jian
Xom
Yredelemnul
Zin
The Shining One

Shops:
D:2 *   D:4 =


Innate Abilities, Weirdness & Mutations

You have very sharp teeth.
Your uncanny sense of smell can sniff out nearby items.
Your experience applies equally to all skills.


Message History

The iguana is almost dead.
The iguana bites you but does no damage.
You hit the iguana. You burn the iguana.
You kill the iguana!
Cheibriados thoroughly appreciates the change of pace.
No target in view!
No target in view!
The red ugly thing gurgles horribly!
Aiming: Iceblast
Press: ? - help, Shift-Dir - straight line, f - red ugly thing
Aim: a red ugly thing The mass of ice explodes!
The iceblast engulfs the red ugly thing.
The red ugly thing is lightly wounded.
Unknown command.
Aiming: Corrosive Bolt
Press: ? - help, Shift-Dir - straight line, f/p - red ugly thing
Aim: a red ugly thing (lightly wounded, 74% to hit)
The bolt of acid hits the red ugly thing!
The acid corrodes the red ugly thing!
The red ugly thing is moderately wounded.
You hit the red ugly thing.
The red ugly thing is moderately wounded.
The red ugly thing stings you but does no damage.
You barely miss the red ugly thing. You punch the red ugly thing.
The red ugly thing is moderately wounded.
The red ugly thing stings you!
You are engulfed in flames!!
You closely miss the red ugly thing.
The red ugly thing is moderately wounded.
You block the red ugly thing's attack.
You closely miss the red ugly thing.
The red ugly thing is moderately wounded.
The red ugly thing stings you.
You are engulfed in flames!
* * * LOW HITPOINT WARNING * * *
You puncture the red ugly thing! You burn the red ugly thing.
The red ugly thing is heavily wounded.
The red ugly thing stings you.
* * * LOW HITPOINT WARNING * * *
You are engulfed in flames!!
You die...

#..####### #..#
####..##### ## #.#
#.....##.. .# #.#
###.##.####.# #.#
#...##.#....# #.#
#.#.........# #.#
#.#u##.##...# #.#
#
#@#.......######.#
#.####..†##......#
#.# #............
#.# #....#.######
#.# #....#.#
#......#.##.# #
######.#....# #
#.####.# # ## ###


You could see a red ugly thing (corroded).

Vanquished Creatures
  Grinder (D:3)
  A black bear (D:4)
  A scorpion (D:5)
  A water moccasin skeleton (D:5)
  4 wights (D:5)
  A howler monkey (D:3)
  2 iguanas
  A gnoll shaman (D:4)
  3 hounds
  Jessica (D:2)
  Natasha (twice) (D:2)
  2 hound skeletons (D:4)
  Robin (D:2)
  8 gnolls
  5 adders
  A shadow imp (D:5)
  An adder zombie (D:5)
  A worm (D:5)
  3 dart slugs
  6 orcs
  8 ball pythons
  7 bats
  3 endoplasms
  18 giant cockroaches
  20 goblins
  8 hobgoblins
  3 jackals
  6 quokkas
  6 frilled lizards
  9 kobolds
  4 rats
138 creatures vanquished.

Vanquished Creatures (others)
  9 plants (D:3)
9 creatures vanquished.

Grand Total: 147 creatures vanquished

Notes
Turn   | Place    | Note
-------+----------+-------------------------------------------
     0 | D:1      | Ablot the Gnoll Warper began the quest for the Orb.
     0 | D:1      | Reached XP level 1. HP: 20/20 MP: 6/6
   118 | D:1      | Reached XP level 2. HP: 22/26 MP: 7/7
   121 | D:1      | Learned a level 2 spell: Blink
   544 | D:1      | Reached XP level 3. HP: 28/31 MP: 9/9
   593 | D:1      | Reached skill level 5 in Spellcasting
   682 | D:1      | Reached skill level 1 in Invocations
  1107 | D:1      | Reached skill level 1 in Short Blades
  1107 | D:1      | Reached skill level 1 in Long Blades
  1107 | D:1      | Reached skill level 1 in Axes
  1107 | D:1      | Reached skill level 1 in Maces & Flails
  1107 | D:1      | Reached skill level 1 in Staves
  1107 | D:1      | Reached skill level 1 in Slings
  1107 | D:1      | Reached skill level 1 in Bows
  1107 | D:1      | Reached skill level 1 in Crossbows
  1107 | D:1      | Reached skill level 1 in Stealth
  1107 | D:1      | Reached skill level 1 in Shields
  1107 | D:1      | Reached skill level 1 in Unarmed Combat
  1107 | D:1      | Reached skill level 1 in Evocations
  1500 | D:2      | Noticed Jessica
  1515 | D:2      | Killed Jessica
  1516 | D:2      | Reached XP level 4. HP: 21/38 MP: 11/11
  1717 | D:2      | Reached skill level 1 in Conjurations
  1717 | D:2      | Reached skill level 1 in Hexes
  1717 | D:2      | Reached skill level 1 in Summonings
  1717 | D:2      | Reached skill level 1 in Necromancy
  1717 | D:2      | Reached skill level 1 in Transmutations
  1717 | D:2      | Reached skill level 1 in Fire Magic
  1717 | D:2      | Reached skill level 1 in Ice Magic
  1717 | D:2      | Reached skill level 1 in Air Magic
  1717 | D:2      | Reached skill level 1 in Earth Magic
  1717 | D:2      | Reached skill level 1 in Poison Magic
  1906 | D:2      | Noticed Natasha
  1922 | D:2      | Killed Natasha
  1923 | D:2      | Reached XP level 5. HP: 3/43 MP: 12/12
  2611 | D:2      | Noticed Natasha
  2623 | D:2      | Killed Natasha
  2750 | D:2      | Found a faded altar of an unknown god.
  2923 | D:2      | Found Dit Icac's Assorted Antiques.
  2928 | D:2      | Bought a scroll labelled EDUAGO COVISS for 18 gold pieces
  2928 | D:2      | Bought a scroll labelled EDUAGO COVISS for 18 gold pieces
  2928 | D:2      | Bought a scroll labelled EDUAGO COVISS for 18 gold pieces
  2928 | D:2      | Bought a scroll labelled CUOSCH JI BESMU for 18 gold pieces
  3228 | D:3      | Noticed Robin
  3632 | D:2      | Killed Robin
  3735 | D:3      | Noticed a +0 dagger
  3736 | D:3      | Noticed a +0 falchion
  3736 | D:3      | Noticed a +0 dagger
  3737 | D:3      | Noticed a +0 spear
  3737 | D:3      | Noticed a +0 short sword
  3737 | D:3      | Noticed a +0 short sword
  3737 | D:3      | Noticed a +0 falchion
  3739 | D:3      | Noticed a +0 spear
  3749 | D:3      | Noticed Grinder
  3755 | D:3      | Found a hide-covered altar of Uskayaw.
  3919 | D:3      | Reached XP level 6. HP: 50/50 MP: 13/13
  4073 | D:3      | Found a sacrificial altar of Ru.
  4118 | D:3      | Killed Grinder
  4119 | D:3      | Reached skill level 5 in Fighting
  4119 | D:3      | Reached skill level 5 in Polearms
  4119 | D:3      | Reached skill level 5 in Dodging
  4119 | D:3      | Reached XP level 7. HP: 50/56 MP: 15/15
  4155 | D:3      | Found a shimmering altar of Xom.
  4604 | D:4      | Found a basalt altar of Yredelemnul.
  5137 | D:4      | Found Ybaemuj's Jewellery Emporium.
  5718 | D:5      | Entered Level 5 of the Dungeon
  5869 | D:2      | Bought a runed helmet for 135 gold pieces
  6173 | D:5      | Found a burning altar of Makhleb.
  6175 | D:5      | Noticed a cacodemon
  6177 | D:5      | Found a glowing silver altar of Zin.
  6177 | D:5      | Noticed an angel
  6198 | D:5      | Reached XP level 8. HP: 57/63 MP: 16/16
  6420 | D:5      | Found a staircase to the Ecumenical Temple.
  6504 | Temple   | Entered the Ecumenical Temple
  6799 | Temple   | Became a worshipper of Cheibriados the Contemplative
  7198 | D:6      | Noticed a red ugly thing
  7305 | D:6      | Mangled by a red ugly thing

Illustrated notes

Levels and vault maps discovered:
D:1:      amcnicky_arrival_single_pillar, layout_loops_ring,
          chequers_serial_rivers_large_a, minmay_pentomino_t2
D:2:      minmay_roachtagon, layout_basic, basic_ecumenical_altar, serial_shops,
          nicolae_shop_statue_plus, minmay_distorted, uniq_jessica, uniq_natasha
D:3:      layout_loops_ring, nicolae_uskayaw_en_pointe,
          nicolae_ru_the_path_less_chosen, xom_teletrap_fun, uniq_robin,
          uniq_grinder
D:4:      layout_layer_cave, lemuel_crystal_altar, serial_shops,
          nicolae_shop_waterfront
D:5:      layout_loops_ring, grunt_temple_overflow_order_and_chaos_2,
          temple_doors_e
D:6:      layout_basic, lemuel_crystal_altar, gammafunk_ghost_icy, serial_shops,
          nicolae_shop_bloodbath_and_beyond
Temple:   minmay_temple_bridge_abc

Skill      XL: |  1  2  3  4  5  6  7  8 |
---------------+-------------------------+-----
Spellcasting   | 5 6 |  6.0
Invocations    | 1 2 3 |  3.5
Short Blades   | 1 2 3 |  3.2
Long Blades    | 1 2 3 |  3.2
Axes           | 1 2 3 |  3.2
Maces & Flails | 1 2 3 |  3.2
Staves         | 1 2 3 |  3.2
Slings         | 1 2 3 |  3.2
Bows           | 1 2 3 |  3.2
Crossbows      | 1 2 3 |  3.2
Stealth        | 1 2 3 |  3.2
Shields        | 1 2 3 |  3.2
Unarmed Combat | 1 2 3 |  3.2
Evocations     | 1 2 3 |  3.2
Conjurations   | 1 2 |  2.6
Hexes          | 1 2 |  2.6
Summonings     | 1 2 |  2.6
Necromancy     | 1 2 |  2.6
Transmutations | 1 2 |  2.6
Fire Magic     | 1 2 |  2.6
Ice Magic      | 1 2 |  2.6
Air Magic      | 1 2 |  2.6
Earth Magic    | 1 2 |  2.6
Poison Magic   | 1 2 |  2.6
Throwing       | 3 4 |  4.2
Armour         | 3 4 |  4.2
Fighting       | 5 |  5.6
Polearms       | 5 |  5.6
Dodging        | 5 |  5.6
Translocations | 6 |  6.1

Action                   |  1- 3 |  4- 6 |  7- 9 || total
-------------------------+-------+-------+-------++-------
Melee: Spear             |   156 |   234 |   165 ||   555
       Bite              |    11 |    27 |    15 ||    53
       Punch             |     2 |     2 |     5 ||     9
Evoke: Wand              |       |       |     2 ||     2
  Use: Scroll            |       |       |     9 ||     9
 Stab: Sleeping          |     2 |     3 |     3 ||     8
Armor: Leather armour    |    27 |    53 |     6 ||    86
       Robe              |       |       |    18 ||    18
Dodge: Dodged            |    63 |   137 |    62 ||   262
Block: Other             |       |     1 |    19 ||    20
       Reflection        |       |       |     3 ||     3
